 Dungeon Crawl Stone Soup version 0.21.1-1-g345015f (webtiles) character file.

42 Flooderbenga the Grave Robber (level 3, -1/25 HPs)
             Began as a Gnoll Necromancer on Apr 7, 2018.
             Slain by an orc
             ... wielding a +3 whip
              (7 damage)
             ... on level 4 of the Dungeon.
             The game lasted 00:12:01 (429 turns).

Flooderbenga the Grave Robber (Gnoll Necromancer)    Turns: 429, Time: 00:12:02

Health: -1/25      AC:  5    Str: 10    XL:     3   Next: 56%
Magic:  9/9        EV: 14    Int: 23    God:
Gold:   24         SH:  0    Dex: 15    Spells: 10/12 levels left

rFire    . . .     SeeInvis .   e - +0 spear
rCold    . . .     Gourm    .   (no shield)
rNeg     . . .     Faith    .   a - +1 robe
rPois    .         Spirit   .   (no helmet)
rElec    .         Reflect  .   (no cloak)
rCorr    .         Harm     .   (no gloves)
MR       .....                  (no boots)
Stlth    +++.......             (no amulet)
HPRegen  0.08/turn              f - +2 ring of protection
MPRegen  0.11/turn              l - +5 ring of intelligence

@: no status effects
A: distributed training, fangs 1, strong nose
a: no special abilities


You were on level 4 of the Dungeon.
You were not hungry.

You visited 1 branch of the dungeon, and saw 4 of its levels.

You collected 24 gold pieces.

Inventory:

Hand Weapons
 e - a +0 spear (weapon)
Missiles
 d - 42 stones (quivered)
 h - 4 tomahawks
Armour
 a - a +1 robe (worn)
Jewellery
 f - a +2 ring of protection (left hand)
 l - a +5 ring of intelligence (right hand)
Scrolls
 g - 2 scrolls of remove curse {@r2}
Potions
 i - a potion of ambrosia {unknown}
Books
 b - a book of Necromancy

   Spells                             Type                      Level
   a - Pain                           Necromancy                   1
   b - Animate Skeleton               Necromancy                   1
   c - Vampiric Draining              Necromancy                   3
   d - Regeneration                   Charms/Necromancy            3
   e - Animate Dead                   Necromancy                   4
   f - Borgnjor's Vile Clutch         Necromancy/Earth             5
Comestibles
 c - 2 rations


   Skills:
 + Level 0.8 Fighting
 + Level 0.8 Short Blades
 + Level 0.8 Long Blades
 + Level 0.8 Axes
 + Level 0.8 Maces & Flails
 + Level 0.8 Polearms
 + Level 0.8 Staves
 + Level 0.8 Slings
 + Level 0.8 Bows
 + Level 0.8 Crossbows
 + Level 0.8 Throwing
 + Level 0.8 Armour
 + Level 4.5 Dodging
 + Level 4.1 Stealth
 + Level 0.8 Shields
 + Level 0.8 Unarmed Combat
 + Level 5.0 Spellcasting
 + Level 0.5 Conjurations
 + Level 0.5 Hexes
 + Level 0.5 Charms
 + Level 0.5 Summonings
 + Level 7.1 Necromancy
 + Level 0.5 Translocations
 + Level 0.5 Transmutations
 + Level 0.5 Fire Magic
 + Level 0.5 Ice Magic
 + Level 0.5 Air Magic
 + Level 0.5 Earth Magic
 + Level 0.5 Poison Magic
 + Level 1.0 Invocations
 + Level 0.8 Evocations


You had 10 spell levels left.
You knew the following spells:

 Your Spells              Type           Power        Failure   Level  Hunger
a - Pain                  Necr           ####         1%          1    None
z - Animate Skeleton      Necr           N/A          1%          1    None


Dungeon Overview and Level Annotations

Branches:
Dungeon (4/15)
 Temple: D:4-7

Altars:

Shops:
D:4 :


Innate Abilities, Weirdness & Mutations

Your experience applies equally to all skills.
You have very sharp teeth.
Your uncanny sense of smell can sniff out nearby items.


Message History

The ogre hits you with a giant club!
Ouch! That really hurt!
* * * LOW HITPOINT WARNING * * *
You take 14 damage, and have 1/25 hp.
MASSIVE DAMAGE!!
The orc shouts! x2
There is an open door here.
The orc shouts!
The orc barely misses you.
An ogre comes into view. It is wielding a giant club.
There is an open door here.
There are monsters nearby!
The orc misses you.
Found a potion of curing.
Found a murky black potion, a scroll of identify and 5 gold pieces.
An adder comes into view.
The adder hisses angrily.
You see here a murky black potion.
i - a murky black potion The orc hits you with an enchanted whip!
You die...

##...## ##.# ##+# #.#O
## ###.### #o# #. ....$#
#.# #. ###.#?##### #O#
#. #!........# #.#
######.##.....###.####.#
........S..o...........#
####.@o.O.O.###.######
####.#.### #.# #.#.# #.#
#.... ..# ###.## ### #.#
#.# ..#


You could see 2 ogres, an adder and 2 orcs.

Vanquished Creatures
  A worker ant (D:4)
  An adder (D:3)
  A dart slug (D:1)
  A hobgoblin (D:1)
  A quokka (D:2)
  2 bats
  3 frilled lizards
  A rat (D:2)
11 creatures vanquished.

Notes
Turn   | Place    | Note
-------+----------+-------------------------------------------
     0 | D:1      | Flooderbenga the Gnoll Necromancer began the quest for the Orb.
     0 | D:1      | Reached XP level 1. HP: 13/13 MP: 6/6
    71 | D:2      | Learned a level 1 spell: Animate Skeleton
   121 | D:1      | Reached XP level 2. HP: 12/19 MP: 1/7
   270 | D:4      | Noticed an ogre
   278 | D:4      | Noticed an ogre
   279 | D:4      | Found Xakupom's Book Shop.
   288 | D:4      | Reached skill level 5 in Spellcasting
   288 | D:4      | Reached skill level 1 in Invocations
   288 | D:4      | Reached XP level 3. HP: 3/25 MP: 3/9
   370 | D:4      | HP: 1/25 [ogre/giant club (14)]
   374 | D:4      | Noticed an ogre
   429 | D:4      | Slain by an orc

Skill      XL: |  1  2 |
---------------+-------+-----
Spellcasting   | 5 |  5.0
Invocations    | 1 |  1.0
Fighting       | |  0.8
Short Blades   | |  0.8
Long Blades    | |  0.8
Axes           | |  0.8
Maces & Flails | |  0.8
Polearms       | |  0.8
Staves         | |  0.8
Slings         | |  0.8
Bows           | |  0.8
Crossbows      | |  0.8
Throwing       | |  0.8
Armour         | |  0.8
Dodging        | |  4.5
Stealth        | |  4.1
Shields        | |  0.8
Unarmed Combat | |  0.8
Conjurations   | |  0.5
Hexes          | |  0.5
Charms         | |  0.5
Summonings     | |  0.5
Necromancy     | |  7.1
Translocations | |  0.5
Transmutations | |  0.5
Fire Magic     | |  0.5
Ice Magic      | |  0.5
Air Magic      | |  0.5
Earth Magic    | |  0.5
Poison Magic   | |  0.5
Evocations     | |  0.8

Action                   || total
-------------------------++-------
Melee: Spear             ||     5
 Cast: Pain              ||    18
       Animate Skeleton  ||     1
  Use: Scroll            ||     3
       Potion            ||     2
Armor: Robe              ||     4
Dodge: Dodged            ||    18
